cohdb
Replays
Latest Replays
All Replays
Popular Replays
Top Player Replays
Match Explorer
How It Works
Community
CoH3 Stats
Reddit
Sign in to upload your games and track your stats! →
Sign in with Steam
Match 46847407
Unlisted
Match 46847407
Overview
Messages
Build Orders
End
Panzergrenadier Squad
Selects Battlefield Espionage Battlegroup
250 Light Carrier
Panzergrenadier Squad
Panzergrenadier Squad
Construct Light Support Kompanie
Selects Sector Subterfuge Beacon
Selects Transfer Depots
2.5-tonne Medical Truck
MG34 Team
Selects 250/3 Funkpanzerwagen
Panzerpioneer Squad
Construct Mechanized Kompanie
Marder III Tank Destroyer
Veteran Squad Leaders
Selects Anti-Tank Incendiary Munitions
Panzerjäger Squad
Selects Advanced Ambush Training
Vehicle Survival Package
Construct Panzerarmee Kommand
Selects Firestorm
250 Light Carrier
Panzer III L Medium Tank
Selects Operation Skorpion
Panzer III L Medium Tank
Emergency Repair Kits
AI Takeover
Apoptosis
PoonHangSang
Adult Asthma Is A Choice
Hanzawilhelm Longbowman of Crécy
0
0
Comments
sign in to comment!
No comments posted yet!